 Dungeon Crawl Stone Soup version 0.30-a0-723-gc1506a1cf0 (webtiles) character file.

Game seed: 221015616279132094

31 timneilson the Shield-Bearer (level 3, 0/23 HPs)
             Began as a Gargoyle Fighter on Jan 29, 2023.
             Slain by a worm (9 damage)
             ... on level 2 of the Dungeon.
             The game lasted 00:01:12 (890 turns).

timneilson the Shield-Bearer (Gargoyle Fighter)      Turns: 890, Time: 00:01:13

Health: 0/23       AC: 10    Str: 21    XL:     3   Next: 22%
Magic:  3/3        EV:  9    Int:  8    God:
Gold:   57         SH:  4    Dex:  9    Spells: 2/2 levels left

rFire   . . .      SeeInvis .    a - +0 long sword
rCold   . . .      Faith    .    c - +0 buckler
rNeg    + . .      Spirit   .    b - +0 scale mail
rPois   ∞          Reflect  .    (no helmet)
rElec   +          Harm     .    (no cloak)
rCorr   .          Rampage  .    (no gloves)
Will    .....                    (no boots) Stlth
                                 (no amulet)
HPRegen 0.23/turn                (no ring)
MPRegen 0.08/turn                (no ring)

@: no status effects
A: sickness immunity, AC +3, negative energy resistance 1, electricity
resistance, torment resistance 1, petrification resistance
a: no special abilities


You were on level 2 of the Dungeon.
You visited 1 branch of the dungeon, and saw 2 of its levels.

You collected 57 gold pieces.

Inventory:

Hand Weapons
 a - a +0 long sword (weapon)
Armour
 b - a +0 scale mail (worn)
 c - a +0 buckler (worn)
Scrolls
 e - a scroll of identify
Potions
 d - a potion of might
 f - a potion of lignification
 g - a potion of degeneration {unknown}
 h - a potion of cancellation {unknown}


   Skills:
 + Level 3.5 Fighting
 * Level 2.1 Long Blades
 * Level 3.7 Armour
 + Level 0.5 Dodging
 * Level 3.7 Shields


You had 2 spell levels left.
You didn't know any spells.
Your spell library was empty.

Dungeon Overview and Level Annotations

Branches:
Dungeon (2/15)

Altars:


Innate Abilities, Weirdness & Mutations

You are immune to sickness and miasma.
Your stone body is resilient. (AC +3)
You are immune to poison.
You resist negative energy. (rN+)
You are resistant to electric shocks. (rElec)
You are resistant to unholy torment.
You are immune to petrification.


Message History

You kill the bat!
The worm bites you!
You see here a bat corpse.
You slash the worm!
The worm is moderately wounded.
The worm bites you but does no damage.
You hit the worm but do no damage.
The worm is moderately wounded.
The worm bites you!
You are too injured to fight recklessly!
You are too injured to fight recklessly!
You are too injured to fight recklessly!
You are too injured to fight recklessly!
You are too injured to fight recklessly!
You are too injured to fight recklessly!
You are too injured to fight recklessly!
You are too injured to fight recklessly!
You are too injured to fight recklessly!
You are too injured to fight recklessly!
You are too injured to fight recklessly!
You are too injured to fight recklessly!
You are too injured to fight recklessly!
You are too injured to fight recklessly!
You are too injured to fight recklessly!
You are too injured to fight recklessly!
You barely miss the worm.
The worm is moderately wounded.
You completely miss the worm.
The worm is moderately wounded.
The worm bites you but does no damage.
You barely miss the worm.
The worm is moderately wounded.
The worm bites you.
You hit the worm but do no damage.
The worm is lightly wounded.
The worm bites you but does no damage.
You hit the worm.
The worm is moderately wounded.
The worm bites you!
You die...

#.# #.♣♣♣♣♣♣♣
#. #># #..# #.#
##.# #.# #.#
#.# #.# #.# #.#
#.# #)# #@# #
#w# #.. #.#
#..>.
#.#####.#P..♣.#
#.
#.......~~~~~.~
#.#
#.####.♣.~~.~~~
#.# #.P
~P≈~~≈.~ #.#
.... ~~~~~~~~~
#.# ###..
.~~.~~~~P. ##.#


You could see a worm.

Vanquished Creatures
  3 bats
  2 endoplasms (D:1)
  A giant cockroach (D:1)
  2 goblins (D:1)
  5 hobgoblins
  3 jackals (D:1)
  A quokka (D:1)
  3 ball pythons
  2 frilled lizards
  3 kobolds
  2 rats
27 creatures vanquished.

Vanquished Creatures (others)
  A plant (D:2)
1 creature vanquished.

Grand Total: 28 creatures vanquished

Notes
Turn   | Place    | Note
-------+----------+-------------------------------------------
     0 | D:1      | timneilson the Gargoyle Fighter began the quest for the
                  | Orb.
     0 | D:1      | Reached XP level 1. HP: 14/14 MP: 1/1
    76 | D:1      | Reached XP level 2. HP: 19/19 MP: 2/2
   706 | D:2      | Reached XP level 3. HP: 18/23 MP: 3/3
   890 | D:2      | Slain by a worm

Illustrated notes

Levels and vault maps discovered:
D:1:      dpeg_arrival_stone_temple_mockup, layout_loops_ring,
          nicolae_concentric_dashed_squares_wild
D:2:      layout_loops_ring, serial_shops, shop_fountains, serial_bayou,
          serial_bayou_pond_e, serial_bayou_pond_b, serial_bayou_crossing,
          serial_bayou_ford_a, basic_altar, amcnicky_mini_rare_corridor_liquid,
          minmay_small_reverse_x

Skill      XL: |  1 |
---------------+----+-----
Long Blades    | 2 |  2.1
Fighting       | |  3.5
Armour         | |  3.7
Dodging        | |  0.5
Shields        | |  3.7

Action                     || total
---------------------------++-------
  Melee: Long sword        ||   110
    Use: Scroll            ||     1
 Armour: Scale mail        ||    71
  Dodge: Dodged            ||    39
  Block: Buckler           ||    28

Table legend: (Time is in decaauts)
 A = Elapsed time spent in this place.
 B = Non-inter-level travel time spent in this place.
 C = Inter-level travel time spent in this place.
 D = Time resting spent in this place.
 E = Time spent auto-exploring this place.
 F = Levels seen in this place.
 G = Mean time per level.
                   A        B        C        D        E       F      G
               +--------+--------+--------+--------+--------+-----+--------+
         Total |    938 |    911 |     27 |      0 |    661 |   2 |  469.0 |
       Dungeon |    938 |    911 |     27 |      0 |    661 |   2 |  469.0 |
               +--------+--------+--------+--------+--------+-----+--------+

Top non-repeatable levels by time:
     D:1: 681 daAuts
     D:2: 257 daAuts
